 Dungeon Crawl Stone Soup version 0.14-a0-3247-g5fd345f (webtiles) character file.

123031 4tharraofdagon the Ripper (level 15, -2/101 HPs)
             Began as a Felid Monk on Mar 12, 2014.
             Was a High Priest of Cheibriados.
             Killed from afar by an oklob plant (5 damage)
             ... with a splash of acid
             ... on Level 6 of the Lair of Beasts.
             The game lasted 03:04:52 (20642 turns).

4tharraofdagon the Ripper (Felid Monk)             Turns: 20642, Time: 03:04:52

HP  -2/101       AC 22     Str 26      XL: 15   Next: 63%
MP  27/32        EV 26     Int 25      God: Cheibriados [*****.]
Gold 739         SH  0     Dex 27      Spells:  7 memorised,  0 levels left
Lives: 0, deaths: 5

rFire  . . .     SeeInvis +       - Unarmed
rCold  . . .     Clarity  .     (armour unavailable)
rNeg   + + .     Conserve .     (shield unavailable)
rPois  +         rCorr    +     (helmet unavailable)
rElec  +         rRot     +     (cloak unavailable)
SustAb . .       Spirit   .     (gloves unavailable)
rMut   .         Warding  .     (boots unavailable)
Saprov . . .     Stasis   .     j - amulet "Plickowu" {rCorr rN+ Str+1}
MR     ++...                    S - ring of wizardry
                                l - +6,+5 ring of slaying

@: statue-form, exhausted, very slow, very resistant to hostile enchantments,
extremely stealthy
A: paw claws, no armour, no weapons or thrown items, fangs 3, horns 1, see
invisible, breathe flames 1, carnivore 3, (speed 0), robust 1, (shaggy fur 0),
slow metabolism 1, evolution 1, jump 3
a: Jump Attack, End Transformation, Bend Time, Temporal Distortion, Slouch, Step
From Time, Renounce Religion, Breathe Fire
}: 2/15 runes: serpentine, barnacled


You were on level 6 of the Lair of Beasts.
You worshipped Cheibriados.
Cheibriados was extremely pleased with you.
You were very full.
You were a stone statue.
You visited 7 branches of the dungeon, and saw 41 of its levels.
You also visited: Labyrinth.

You collected 4019 gold pieces.
You spent 3280 gold pieces at shops.

Inventory:

Magical devices
 d - a wand of digging (4)
 f - a wand of fire (6)
 m - a wand of teleportation (9)
 n - a wand of digging (9)
 A - a wand of digging (12)
 X - a wand of heal wounds (2)
Comestibles
 b - 7 meat rations
Scrolls
 k - a scroll of summoning
 q - 9 scrolls of identify
 t - 6 scrolls of fear
 u - a scroll of amnesia
 v - 4 scrolls of teleportation
 y - 9 scrolls of remove curse
 B - a scroll of noise
 F - 4 scrolls of fog
 G - 2 scrolls of recharging
 H - 2 scrolls of silence
 M - a scroll of magic mapping
Jewellery
 c - a +6 ring of evasion
 h - the amulet of Cekugob {Ward -Tele Hunger rElec rPois rN+ AC+1 EV+1}
   (You took it off a deep elf annihilator on level 3 of the Elven Halls)

   [amulet of warding]

   It affects your AC (+1).
   It affects your evasion (+1).
   It insulates you from electricity.
   It protects you from poison.
   It protects you from negative energy.
   It prevents most forms of teleportation.
   It speeds your metabolism.
 i - an uncursed ring of fire
 j - the amulet "Plickowu" (around neck) {rCorr rN+ Str+1}
   (You found it on level 5 of the Dungeon)

   [amulet of resist corrosion]

   It affects your strength (+1).
   It protects you from negative energy.
 l - a +6,+5 ring of slaying (left paw)
 p - an uncursed ring of protection from cold
 s - an uncursed amulet of stasis
 z - an uncursed amulet of conservation
 K - an uncursed ring of sustain abilities
 L - an uncursed ring of ice
 N - an uncursed amulet of resist mutation
 O - a cursed ring of teleportation
 Q - the ring "Reb Mof" {Str-3 Int+2 Acc+5 Dam+2}
   (You found it on level 2 of the Elven Halls)

   [ring of slaying]

   It affects your accuracy (+5).
   It affects your damage-dealing abilities (+2).
   It affects your strength (-3).
   It affects your intelligence (+2).
 R - an uncursed ring of flight
 S - a ring of wizardry (right paw)
 W - the ring "Brireot" {MR++ Dex+2 Acc-5}
   (You bought it in a shop on level 4 of the Orcish Mines)

   [ring of dexterity]

   It affects your dexterity (+2).
   It affects your accuracy with ranged weapons and melee attacks (-5).
   It affects your resistance to hostile enchantments.
Potions
 a - 2 potions of agility
 g - a potion of resistance
 o - 6 potions of restore abilities
 r - 4 potions of brilliance
 x - 10 potions of curing
 C - 2 potions of lignification
 D - a potion of flight
 E - a potion of might
Books
 w - the Guide on Glacial Augmentations
   (You found it on level 3 of the Elven Halls)

   Spells                             Type                      Level
   *Song of Slaying                   Charms                       2
   *Ensorcelled Hibernation           Hexes/Ice                    2
   Ozocubu's Armour                   Charms/Ice                   3
   Ice Form                           Ice/Transmutation            4
   Deflect Missiles                   Charms/Air                   6
 I - a book of Ice

   Spells                             Type                      Level
   Freezing Aura                      Charms/Ice                   2
   *Ensorcelled Hibernation           Hexes/Ice                    2
   Ozocubu's Refrigeration            Ice                          6
   Bolt of Cold                       Conjuration/Ice              6
   Freezing Cloud                     Conjuration/Ice/Air          6
   Metabolic Englaciation             Hexes/Ice                    5
   Simulacrum                         Ice/Necromancy               6
 T - a book of the Earth

   Spells                             Type                      Level
   Leda's Liquefaction                Hexes/Earth                  4
   Bolt of Magma                      Conjuration/Fire/Earth       5
   *Statue Form                       Transmutation/Earth          6
   Iron Shot                          Conjuration/Earth            6
   Shatter                            Earth                        9
 U - a Grand Grimoire {highlevel}

   Spells                             Type                      Level
   Aura of Abjuration                 Summoning                    6
   Forceful Dismissal                 Summoning                    6
   *Haunt                             Necromancy/Summoning         7
   Summon Greater Demon               Summoning                    7
   Malign Gateway                     Summoning/Translocation      7
   Summon Horrible Things             Summoning                    8
Miscellaneous
 e - a fan of gales (inert)
 P - a sack of spiders
 V - an ornate deck of dungeons {Water}
 Y - a plain deck of changes {the Helix}
 Z - an ornate deck of defence {Warpwright}


   Skills:
 + Level 11.4 Fighting
 + Level 14.7 Dodging
 - Level 10.0 Stealth
 * Level 15.5 Unarmed Combat
 - Level 7.0 Spellcasting
 - Level 6.0 Hexes
 - Level 12.0 Summonings
 - Level 13.5 Necromancy
 - Level 3.4 Translocations
 - Level 8.8 Transmutations
 - Level 11.5 Earth Magic
 - Level 6.6 Invocations
 - Level 3.4 Evocations


You couldn't memorise any spells.
You knew the following spells:

 Your Spells              Type           Power        Failure   Level  Hunger
a - Haunt                 Necr/Summ      ######....   12%         7    #######
b - Ensorcelled Hibernat  Hex/Ice        ###...       1%          2    None
c - Statue Form           Trmt/Erth      ######....   9%          6    ######.
d - Invisibility          Hex            #####...     54%         6    ######.
e - Apportation           Tloc           ####......   1%          1    None
f - Song of Slaying       Chrm           #.......     4%          2    None
g - Phase Shift           Tloc           ####......   22%         5    ####...


Dungeon Overview and Level Annotations

Branches:
Dungeon (15/15)            Temple (1/1) D:4             Orc (4/4) D:11
    Elf (3/3) Orc:3          Lair (8/8) D:8          Shoals (5/5) Lair:4
  Snake (5/5) Lair:6        Slime (0/6) Lair:6       Vaults (0/5) D:14
 Depths: D:15

Altars:
Ashenzari
Cheibriados
Dithmenos
Elyvilon
Fedhas
Kikubaaqudgha
Makhleb
Nemelex Xobeh
Okawaru
Sif Muna
Trog
Vehumet
Xom
Yredelemnul
Zin
The Shining One
Beogh
Lugonu

Shops:
D:9 !   D:10 ?   Orc:4 !(==[   Elf:2 =   Elf:3 ?

Portals:
Hell: Lair:8

Annotations:
D:5 Grinder
D:6 1 exclusion
D:8 LAIR
D:13 2 exclusions
D:14 Louise
D:15 TROVE
Elf:3 1 exclusion
Lair:6 exclusion: 4 oklob plants
Shoals:2 Saint Roka


Innate Abilities, Weirdness & Mutations

You cannot wear armour.
You are incapable of wielding weapons or throwing items.
Your paws have sharp claws.*
You have razor-sharp teeth.*
You have supernaturally acute eyesight.
You are carnivorous and can eat meat at any time.
((You cover ground quickly.))*
((Your thick and shaggy fur keeps you warm (AC +3, rC+).))*
You have a slow metabolism.
You can jump attack at a long distance.
You have a pair of small horns on your head.*
You can breathe flames.
You are robust (+10% HP).
You evolve.


Message History

Unknown command.
Unknown command.
Use which ability? (? or * to list)
Aiming: Jump Attack
Press: ? - help, Dir - move target cursor, f - oklob plant
Aim: an oklob plant You jump-attack the oklob plant!
You eviscerate the oklob plant!!! You claw the oklob plant.
You bite the oklob plant!
The oklob plant is almost destroyed.
You feel somewhat less full. The oklob plant spits acid at you.
The splash of acid hits you! You resist.
The acid burns!
You resist.
* * * LOW HITPOINT WARNING * * *
The oklob plant spits acid at you. The splash of acid hits you! You resist.
The acid burns!
You resist.
* * * LOW HITPOINT WARNING * * *
The oklob plant spits acid at you. The splash of acid hits you! You resist.
The acid burns!
You resist.
* * * LOW HITPOINT WARNING * * *
You die...

#..fP..#.P.....#..###P...
#..P...####.#.##P## #####
####....# ########
###......# ####.%...####
#.#.....#########
#......####..P..##
##.....##.#.PP>..#
#....####...8...#
#.....#........P#
##..........$#.##
##........#####
##########


You could see 4 oklob plants.

Vanquished Creatures
  Mara (Elf:3)
  2 deep elf blademasters (Elf:3)
  2 deep elf master archers (Elf:3)
  Polyphemus (Shoals:3)
  An Executioner (Elf:3)
  The ghost of miro the Eclecticist, a mighty DEWz of Vehumet (Snake:5)
  Agnes (Snake:2)
  2 large abominations (Elf:3)
  8 greater nagas (Snake:5)
  7 deep elf sorcerers (Elf:3)
  Gastronok (D:8)
  Jorgrun (Snake:5)
  10 deep elf demonologists (Elf:3)
  A dire elephant (Lair:8)
  7 deep elf annihilators (Elf:3)
  6 deep elf death magi (Elf:3)
  A merfolk javelineer (Shoals:4)
  3 merfolk impalers (Shoals:5)
  3 deep elf high priests (Elf:3)
  An ice dragon (Lair:3)
  Fannar (D:10)
  14 naga warriors
  A minotaur (Lab)
  A yaktaur captain (D:14)
  3 merfolk aquamancers
  An alligator (Lair:8)
  9 anacondas
  An alligator snapping turtle (Shoals:4)
  10 death yaks
  A spectral elf (Elf:3)
  11 naga sharpshooters
  The ghost of Psiweapon the Covert, a powerful KoHu of Dithmenos (Lair:1)
  2 shock serpents
  Nergalle (D:11)
  A hydra (Lair:8)
  2 salamander mystics (Snake:5)
  3 deep elf knights
  A catoblepas (Shoals:3)
  A sun demon (Elf:3)
  A wizard (Lair:8)
  11 naga ritualists
  Erolcha (D:8)
  A hill giant (D:15)
  An ice statue (Lair:3)
  4 orc knights (Orc:4)
  9 sea snakes
  3 deep elf summoners
  4 water nymphs
  10 mana vipers
  An orc sorcerer (Orc:4)
  Joseph (D:8)
  3 deep elf conjurers
  9 harpies
  6 griffons
  2 octopodes
  2 fauns
  5 salamanders
  2 manticores
  29 black mambas
  3 mermaids
  3 elephants (Lair:8)
  A cyclops (D:11)
  19 naga magi
  8 spiny frogs
  A kobold demonologist (D:15)
  5 orange demons (Lair:8)
  A feature mimic (Lair:6)
  4 deep elf priests
  2 yaktaurs (D:14)
  A hellwing (Lair:8)
  2 fire drakes
  4 komodo dragons
  3 trolls
  2 polar bears
  A spriggan druid (Lair:6)
  2 hell beasts
  14 merfolk
  4 snapping turtles
  7 two-headed ogres
  12 blink frogs
  4 blue devils (Lair:8)
  3 boulder beetles
  A jumping spider (Elf:3)
  6 sharks
  2 grizzly bears
  A wraith (D:14)
  A tarantella (Elf:3)
  A basilisk (Lair:4)
  24 yaks
  19 deep elf magi
  5 water elementals
  A redback (Elf:3)
  3 vampire mosquitoes (D:14)
  Eustachio (D:10)
  20 deep elf fighters
  2 shadows
  2 wolves
  8 hippogriffs
  A gargoyle (D:12)
  32 nagas
  Edmund (D:9)
  2 wargs
  A hell hound (Lair:8)
  A mottled dragon (D:11)
  9 porcupines
  2 black bears
  24 water moccasins
  15 ice beasts
  A yellow wasp (D:15)
  2 sky beasts
  36 orc warriors
  5 giant goldfish
  A manticore skeleton (D:13)
  20 centaurs
  22 ogres
  Sigmund (D:2)
  8 giant slugs
  11 crocodiles
  3 big kobolds
  A komodo dragon zombie (D:9)
  Blork the orc (D:6)
  30 giant frogs
  2 cyclops zombies
  2 scorpions
  An eye of draining (D:14)
  A troll skeleton (Lab)
  5 killer bees
  4 goliath beetles
  3 wights (D:13)
  3 crimson imps
  A quasit (D:9)
  2 centaur skeletons
  5 big fish
  8 electric eels
  2 jellies
  19 orc priests
  A giant frog skeleton (D:13)
  23 orc wizards
  11 hounds
  6 worker ants
  10 iron imps (D:10)
  5 sheep
  2 iguanas
  A mottled dragon skeleton (D:10)
  A mummy (D:9)
  A worker ant zombie (D:9)
  A gnoll (D:8)
  22 green rats
  An orc zombie (D:3)
  20 adders
  3 shadow imps
  5 giant mites
  2 white imps (Lair:3)
  2 worms
  An orc skeleton (D:7)
  An iguana skeleton (D:6)
  5 giant geckos
  An ooze (D:1)
  169 orcs
  20 bats
  2 giant cockroaches
  17 goblins
  19 hobgoblins
  20 jackals
  14 kobolds
  16 quokkas
  5 ball pythons
  A giant gecko skeleton (D:4)
  5 giant newts
  A hobgoblin zombie (D:8)
  19 rats
  2 rat skeletons
  A crawling corpse (Elf:3)
  2 plants
1159 creatures vanquished.

Vanquished Creatures (collateral kills)
  A dire elephant (Lair:8)
  A merfolk aquamancer (Shoals:5)
  A naga sharpshooter (Snake:5)
  A spiny frog (Lair:8)
  2 merfolk (Shoals:5)
6 creatures vanquished.

Vanquished Creatures (others)
  A death yak (Shoals:3)
  A naga mage (Snake:5)
  An air elemental (Shoals:2)
  A wraith (Shoals:5)
  A hungry ghost (Shoals:5)
  A bat (Lair:6)
  2 fungi
  6 plants
14 creatures vanquished.

Grand Total: 1179 creatures vanquished

Notes
Turn   | Place    | Note
--------------------------------------------------------------
     0 | D:1      | 4tharraofdagon, the Felid Monk, began the quest for the Orb.
     0 | D:1      | Reached XP level 1. HP: 9/9 MP: 2/2
   100 | D:2      | Reached XP level 2. HP: 13/13 MP: 3/3
   274 | D:4      | Found a staircase to the Ecumenical Temple.
   283 | Temple   | Entered the Ecumenical Temple
   388 | Temple   | Became a worshipper of Cheibriados the Contemplative
   408 | D:4      | Noticed an ogre
   424 | D:4      | Reached XP level 3. HP: 11/16 MP: 5/5
   428 | D:4      | Reached XP level 4. HP: 13/20 MP: 7/7
   480 | D:4      | Noticed an ogre
   505 | D:4      | Found a shattered altar of Ashenzari.
  1016 | D:1      | Acquired Cheibriados' first power
  1342 | D:2      | Noticed Sigmund
  1367 | D:2      | Killed Sigmund
  1367 | D:2      | Reached skill level 5 in Dodging
  1367 | D:2      | Reached skill level 1 in Invocations
  1367 | D:2      | Reached XP level 5. HP: 12/24 MP: 8/8
  1626 | D:4      | Reached skill level 1 in Spellcasting
  1651 | D:4      | Acquired Cheibriados' second power
  1687 | D:4      | Gained mutation: You are covered in thick fur (AC +2). [growing up]
  1687 | D:4      | Gained mutation: You can jump attack at a medium distance. [growing up]
  1687 | D:4      | Reached XP level 6. HP: 16/28 MP: 12/12
  1784 | D:5      | Entered Level 5 of the Dungeon
  1809 | D:5      | Got a fine ruby amulet
  1810 | D:5      | Identified the amulet "Plickowu" {rCorr rN+ Str+1} (You found it on level 5 of the Dungeon)
  1830 | D:5      | Noticed Grinder
  2090 | D:4      | Reached skill level 5 in Unarmed Combat
  2272 | D:6      | Noticed Blork the orc
  2286 | D:6      | Killed Blork the orc
  2286 | D:6      | Reached XP level 7. HP: 3/31 MP: 15/15
  2554 | D:6      | Reached skill level 5 in Stealth
  2610 | D:6      | Acquired Cheibriados' third power
  2742 | D:7      | Reached skill level 6 in Dodging
  2975 | D:7      | Found a deep blue altar of Sif Muna.
  2975 | D:7      | Found an iron altar of Okawaru.
  2976 | D:7      | Found a blossoming altar of Fedhas.
  3043 | D:7      | Reached XP level 8. HP: 34/36 MP: 16/16
  3214 | D:4      | Killed an ogre
  3410 | D:9      | Learned a level 4 spell: Summon Elemental
  3479 | D:8      | Reached skill level 1 in Summonings
  3498 | D:8      | Reached skill level 7 in Dodging
  3564 | D:8      | Noticed Erolcha
  3992 | D:9      | Noticed Edmund
  4004 | D:9      | Killed Edmund
  4048 | D:9      | Reached XP level 9. HP: 40/40 MP: 20/20
  4055 | D:9      | Reached skill level 5 in Fighting
  4095 | D:9      | Noticed a two-headed ogre
  4100 | D:9      | Killed a two-headed ogre
  4111 | D:9      | Noticed a two-headed ogre
  4119 | D:9      | Killed a two-headed ogre
  4123 | D:9      | Reached skill level 8 in Unarmed Combat
  4124 | D:9      | Noticed a two-headed ogre
  4128 | D:9      | Killed a two-headed ogre
  4166 | D:9      | Noticed a two-headed ogre
  4167 | D:9      | Noticed a two-headed ogre
  4174 | D:9      | Mangled by a two-headed ogre
  4175 | D:9      | Reached XP level 8. HP: -10/37 MP: 12/18
  4275 | D:9      | Found Shuxola's Distillery.
  4283 | D:9      | Reached XP level 9. HP: 40/40 MP: 20/20
  4290 | D:9      | Bought a potion of heal wounds for 42 gold pieces
  4290 | D:9      | Bought a potion of might for 35 gold pieces
  4290 | D:9      | Bought a potion of heal wounds for 42 gold pieces
  4290 | D:9      | Bought a potion of brilliance for 35 gold pieces
  4290 | D:9      | Bought 2 potions of curing for 56 gold pieces
  4290 | D:9      | Bought a potion of flight for 42 gold pieces
  4290 | D:9      | Bought a potion of paralysis for 14 gold pieces
  4290 | D:9      | Bought a potion of restore abilities for 42 gold pieces
  4332 | D:9      | Killed a two-headed ogre
  4363 | D:9      | Killed a two-headed ogre
  4363 | D:9      | Reached skill level 5 in Summonings
  4392 | D:9      | Noticed a two-headed ogre
  4466 | D:9      | Killed a two-headed ogre
  4515 | D:10     | Entered Level 10 of the Dungeon
  4634 | D:10     | Found Bukal's Magic Scroll Emporium.
  4639 | D:10     | Bought a scroll of teleportation for 39 gold pieces
  4639 | D:10     | Bought a scroll of identify for 26 gold pieces
  4639 | D:10     | Bought a scroll of silence for 97 gold pieces
  4698 | D:10     | Noticed Eustachio
  4722 | D:10     | Killed Eustachio
  4722 | D:10     | Reached skill level 5 in Invocations
  5097 | D:11     | Reached XP level 10. HP: 35/45 MP: 23/23
  5101 | D:11     | Reached skill level 9 in Unarmed Combat
  5161 | D:11     | Noticed a cyclops
  5161 | D:11     | Noticed a manticore
  5163 | D:11     | Noticed Nergalle
  5185 | D:10     | Found a corrupted altar of Lugonu.
  5186 | D:10     | Noticed Fannar
  5194 | D:10     | Killed Fannar
  5234 | D:11     | Learned a level 2 spell: Ensorcelled Hibernation
  5256 | D:11     | Killed a cyclops
  5256 | D:11     | Reached skill level 1 in Hexes
  5279 | D:11     | Killed a manticore
  5320 | D:11     | Noticed a hill giant
  5384 | D:11     | Noticed a spectral orc warlord
  5392 | D:11     | Killed Nergalle
  5442 | D:11     | Reached XP level 11. HP: 36/49 MP: 17/25
  5451 | D:11     | Reached skill level 5 in Spellcasting
  5490 | D:11     | Reached skill level 5 in Hexes
  5901 | D:12     | HP: 2/49 [cyclops zombie (31)]
  5906 | D:12     | Reached skill level 10 in Unarmed Combat
  6423 | D:15     | Entered Level 15 of the Dungeon
  6445 | D:15     | Paralysed by a yellow wasp for 1 turns
  6531 | D:15     | Noticed a hill giant
  6541 | D:15     | Killed a hill giant
  6544 | D:15     | Found a labyrinth entrance.
  6577 | Lab      | Entered a labyrinth
  6975 | Lab      | Noticed a minotaur
  6980 | Lab      | Killed a minotaur
  6980 | Lab      | Reached skill level 10 in Stealth
  6980 | Lab      | Reached skill level 1 in Evocations
  7020 | D:15     | Learned a level 6 spell: Statue Form
  7027 | D:15     | Learned a level 6 spell: Invisibility
  7083 | D:15     | Reached skill level 1 in Transmutations
  7120 | D:15     | Noticed a vault guard
  7140 | D:14     | Noticed a skeletal warrior
  7226 | D:14     | Reached skill level 1 in Earth Magic
  7237 | D:14     | Reached skill level 10 in Dodging
  7287 | D:14     | Noticed Louise
  7349 | D:14     | Noticed a centaur warrior
  7440 | D:14     | Noticed a yaktaur captain
  7449 | D:14     | Found a gate to the Vaults.
  7457 | D:14     | Killed a yaktaur captain
  8032 | D:8      | Killed Erolcha
  8032 | D:8      | Gained mutation: Your thick and shaggy fur keeps you warm (AC +3, rC+). [growing up]
  8032 | D:8      | Gained mutation: You can jump attack at a long distance. [growing up]
  8032 | D:8      | Reached XP level 12. HP: 14/54 MP: 28/28
  8266 | D:8      | Noticed a two-headed ogre
  8275 | D:8      | Killed a two-headed ogre
  8451 | D:8      | Found a staircase to the Lair.
  8463 | Lair:1   | Entered Level 1 of the Lair of Beasts
  8630 | Lair:2   | Reached skill level 5 in Transmutations
  8903 | Lair:3   | Noticed an ice dragon
  9132 | Lair:3   | Killed an ice dragon
  9150 | Lair:3   | Reached skill level 5 in Earth Magic
  9661 | Lair:5   | Noticed a seven-headed hydra
  9860 | Lair:5   | Found a basalt altar of Yredelemnul.
 10384 | Lair:6   | Reached XP level 13. HP: 45/57 MP: 30/30
 10423 | Lair:6   | sweet defenses
 10587 | Lair:6   | Found a staircase to the Snake Pit.
 11045 | Lair:8   | Entered Level 8 of the Lair of Beasts
 11160 | Lair:8   | Reached skill level 11 in Unarmed Combat
 11289 | Lair:8   | Noticed a dire elephant
 11350 | Lair:8   | Noticed a dire elephant
 11366 | Lair:8   | Killed a dire elephant
 11385 | Lair:8   | Slain by a blink frog
 11386 | Lair:8   | Reached XP level 12. HP: -1/55 MP: 17/29
 11699 | Lair:8   | Reached XP level 13. HP: 59/59 MP: 30/30
 11707 | Lair:8   | Killed a dire elephant
 11738 | Lair:8   | Found a burning altar of Makhleb.
 11749 | Lair:8   | Found a gateway to Hell.
 12153 | Lair:1   | Noticed Psiweapon's ghost (powerful KoHu)
 12160 | Lair:1   | Killed Psiweapon's ghost
 12160 | Lair:1   | Reached skill level 12 in Unarmed Combat
 12248 | D:8      | Noticed Joseph
 12254 | D:8      | Noticed Gastronok
 12256 | D:8      | Killed Joseph
 12263 | D:8      | Killed Gastronok
 12428 | D:11     | Found a roughly hewn altar of Beogh.
 12434 | D:11     | Found a staircase to the Orcish Mines.
 12450 | Orc:1    | Entered Level 1 of the Orcish Mines
 12656 | Orc:4    | Entered Level 4 of the Orcish Mines
 12898 | Orc:4    | Found Kucrecso's Jewellery Shop.
 12898 | Orc:4    | Found Kepry's Weapon Emporium.
 13039 | Orc:4    | Shot with a bolt by an orc knight
 13040 | Orc:4    | Reached XP level 12. HP: -4/74 MP: 29/29
 13040 | Orc:4    | Found Byney's Armour Shop.
 13274 | Orc:4    | Found Lyblexu's Distillery.
 13276 | Orc:4    | Found Nazeq's Jewellery Boutique.
 13284 | Orc:4    | Bought an uncursed amulet of inaccuracy for 24 gold pieces
 13294 | Orc:4    | Bought the ring "Brireot" {MR++ Dex+2 Acc-5} for 132 gold pieces
 13306 | Orc:4    | Bought a potion of beneficial mutation for 455 gold pieces
 13306 | Orc:4    | Bought a potion of heal wounds for 39 gold pieces
 13306 | Orc:4    | Bought a potion of heal wounds for 39 gold pieces
 13306 | Orc:4    | Bought a potion of heal wounds for 39 gold pieces
 13306 | Orc:4    | Bought a potion of curing for 26 gold pieces
 13306 | Orc:4    | Bought a potion of curing for 26 gold pieces
 13309 | Orc:4    | Gained mutation: You evolve. [potion of beneficial mutation]
 13314 | Orc:4    | Bought a +6 ring of evasion for 936 gold pieces
 13395 | Orc:3    | Found a staircase to the Elven Halls.
 13757 | Elf:1    | Entered Level 1 of the Elven Halls
 13773 | Elf:1    | Reached XP level 13. HP: 46/60 MP: 26/30
 13848 | Elf:2    | Got a slimy lead ring
 13849 | Elf:2    | Identified the ring "Reb Mof" {Str-3 Int+2 Acc+5 Dam+2} (You found it on level 2 of the Elven Halls)
 13894 | Elf:3    | Entered Level 3 of the Elven Halls
 13897 | Elf:3    | Found Kiucsal's Magic Scroll Shop.
 13911 | Elf:3    | Bought a scroll of identify for 36 gold pieces
 13911 | Elf:3    | Bought a scroll of identify for 36 gold pieces
 13911 | Elf:3    | Bought a scroll of identify for 36 gold pieces
 13998 | Elf:3    | Noticed a deep elf demonologist
 14003 | Elf:3    | Killed a deep elf demonologist
 14004 | Elf:3    | Noticed a deep elf sorcerer
 14009 | Elf:3    | Killed a deep elf sorcerer
 14009 | Elf:3    | Reached skill level 10 in Earth Magic
 14013 | Elf:3    | Noticed a deep elf demonologist
 14016 | Elf:3    | Noticed an Executioner
 14016 | Elf:3    | Killed an Executioner
 14018 | Elf:3    | Killed a deep elf demonologist
 14120 | Elf:3    | Noticed a deep elf annihilator
 14133 | Elf:3    | Killed a deep elf annihilator
 14139 | Elf:3    | Reached skill level 13 in Unarmed Combat
 14153 | Elf:3    | Noticed a deep elf sorcerer
 14154 | Elf:3    | Noticed a deep elf master archer
 14161 | Elf:3    | Killed a deep elf sorcerer
 14177 | Elf:3    | Noticed a deep elf demonologist
 14179 | Elf:3    | Killed a deep elf demonologist
 14185 | Elf:3    | Killed a deep elf master archer
 14197 | Elf:3    | Noticed a balrug
 14197 | Elf:3    | Noticed a deep elf demonologist
 14198 | Elf:3    | Killed a deep elf demonologist
 14212 | Elf:3    | Noticed a deep elf sorcerer
 14216 | Elf:3    | Killed a deep elf sorcerer
 14239 | Elf:3    | Noticed a deep elf annihilator
 14242 | Elf:3    | Killed a deep elf annihilator
 14259 | Elf:3    | Noticed a deep elf sorcerer
 14259 | Elf:3    | Noticed a deep elf annihilator
 14272 | Elf:3    | Killed a deep elf sorcerer
 14276 | Elf:3    | Killed a deep elf annihilator
 14281 | Elf:3    | Noticed a deep elf sorcerer
 14287 | Elf:3    | Killed a deep elf sorcerer
 14287 | Elf:3    | Reached XP level 14. HP: 65/65 MP: 31/31
 14328 | Elf:3    | Noticed a deep elf annihilator
 14329 | Elf:3    | Killed a deep elf annihilator
 14338 | Elf:3    | Got a shimmering long sword
 14401 | Elf:3    | Gained mutation: You have a pair of small horns on your head. [evolution]
 14403 | Elf:3    | Noticed a deep elf annihilator
 14428 | Elf:3    | Killed a deep elf annihilator
 14428 | Elf:3    | Reached skill level 10 in Fighting
 14430 | Elf:3    | Noticed a deep elf annihilator
 14434 | Elf:3    | Killed a deep elf annihilator
 14503 | Elf:3    | Noticed a deep elf master archer
 14511 | Elf:3    | Killed a deep elf master archer
 14558 | Elf:3    | Noticed a deep elf sorcerer
 14567 | Elf:3    | Killed a deep elf sorcerer
 14577 | Elf:3    | Got an ichor-stained broad axe
 14587 | Elf:3    | Noticed a deep elf demonologist
 14598 | Elf:3    | Killed a deep elf demonologist
 14598 | Elf:3    | Reached skill level 14 in Unarmed Combat
 14616 | Elf:3    | Noticed a deep elf demonologist
 14624 | Elf:3    | Killed a deep elf demonologist
 14630 | Elf:3    | Noticed a deep elf annihilator
 14638 | Elf:3    | Killed a deep elf annihilator
 14667 | Elf:3    | Noticed a deep elf demonologist
 14676 | Elf:3    | Killed a deep elf demonologist
 14708 | Elf:3    | Noticed Mara
 14715 | Elf:3    | Noticed a deep elf blademaster
 14720 | Elf:3    | Killed a deep elf blademaster
 14731 | Elf:3    | Killed Mara
 14767 | Elf:3    | Noticed a deep elf demonologist
 14782 | Elf:3    | Killed a deep elf demonologist
 14785 | Elf:3    | Noticed a deep elf demonologist
 14787 | Elf:3    | Killed a deep elf demonologist
 14805 | Elf:3    | Noticed a deep elf demonologist
 14814 | Elf:3    | Killed a deep elf demonologist
 14845 | Elf:3    | Reached XP level 15. HP: 70/70 MP: 22/32
 14867 | Elf:3    | Noticed a deep elf blademaster
 14873 | Elf:3    | Killed a deep elf blademaster
 14939 | Elf:3    | Identified the Guide on Glacial Augmentations
 14941 | Elf:3    | Identified Tera's Grimoire of Combat Magic
 14962 | Elf:3    | Noticed a deep elf sorcerer
 14967 | Elf:3    | Killed a deep elf sorcerer
 14986 | Elf:3    | Identified Shrac's Tome of Excruciating Earth
 14998 | Elf:3    | Identified the Compendium of the Dusty Voyage (You found it on level 3 of the Elven Halls)
 15001 | Elf:3    | Learned a level 1 spell: Apportation
 15004 | Elf:3    | Learned a level 2 spell: Song of Slaying
 15010 | Elf:3    | Learned a level 5 spell: Phase Shift
 15017 | Elf:3    | Identified Ozocubu's Reference Book on Ice
 15131 | Elf:3    | Reached skill level 1 in Translocations
 15226 | Elf:2    | Found Ofahunat's Jewellery Shop.
 15238 | Elf:2    | Bought an uncursed ring of sustain abilities for 332 gold pieces
 15457 | Orc:4    | Bought an uncursed amulet of resist mutation for 480 gold pieces
 15458 | Orc:4    | Bought a cursed ring of teleportation for 174 gold pieces
 15736 | Orc:1    | Found a roughly hewn altar of Beogh.
 16517 | Snake:1  | Entered Level 1 of the Snake Pit
 16778 | Snake:2  | Noticed Agnes
 16812 | Snake:2  | Killed Agnes
 17000 | Snake:4  | Reached skill level 10 in Summonings
 17028 | Snake:3  | Reached skill level 1 in Necromancy
 17627 | Snake:5  | Entered Level 5 of the Snake Pit
 17630 | Snake:5  | Reached skill level 5 in Necromancy
 17754 | Snake:5  | Noticed miro's ghost (mighty DEWz)
 17773 | Snake:5  | Reached XP level 16. HP: 59/73 MP: 29/33
 17785 | Snake:5  | Learned a level 7 spell: Haunt
 17788 | Snake:5  | Killed miro's ghost
 18195 | Snake:5  | Reached skill level 10 in Necromancy
 18226 | Snake:5  | Noticed Jorgrun
 18249 | Snake:5  | Killed Jorgrun
 18357 | Snake:5  | HP: 3/94 [greater naga/flail (15)]
 18641 | Snake:5  | Got a serpentine rune of Zot
 18982 | Snake:1  | Gained mutation: You can breathe flames. [evolution]
 19251 | Lair:4   | Found a staircase to the Shoals.
 19261 | Shoals:1 | Entered Level 1 of the Shoals
 19276 | Shoals:1 | Reached XP level 17. HP: 59/77 MP: 29/33
 19405 | Shoals:3 | Noticed Polyphemus
 19415 | Shoals:3 | Hit by a large rock thrown by Polyphemus
 19416 | Shoals:3 | Reached XP level 16. HP: 0/96 MP: 19/33
 19472 | Shoals:3 | Killed Polyphemus
 19472 | Shoals:3 | Reached skill level 15 in Unarmed Combat
 19549 | Shoals:5 | Entered Level 5 of the Shoals
 19594 | Shoals:5 | Got a barnacled rune of Zot
 20035 | Shoals:4 | HP: 4/97 [merfolk javelineer/ silver javelin (32)]
 20188 | Shoals:2 | Noticed Saint Roka
 20198 | Shoals:2 | HP: 1/97 [Saint Roka/divine providence (13)]
 20211 | Shoals:2 | HP: 4/97 [orc warrior/runed trident[Saint Roka] (3)]
 20211 | Shoals:2 | Slain by an orc warrior
 20212 | Shoals:2 | Reached XP level 15. HP: 0/92 MP: 8/32
 20367 | Lair:7   | Gained mutation: You are robust (+10% HP). [evolution]
 20640 | Lair:6   | Found a staircase to the Slime Pits.
 20642 | Lair:6   | HP: 3/101 [acid (14)]
 20642 | Lair:6   | Killed from afar by an oklob plant

Action                   |  1- 3 |  4- 6 |  7- 9 | 10-12 | 13-15 | 16-18 || total
-------------------------+-------+-------+-------+-------+-------+-------++-------
Melee: Unarmed           |    45 |   226 |   341 |   756 |   654 |   314 ||  2336
 Cast: Summon Elemental  |       |       |     1 |       |       |       ||     1
       Statue Form       |       |       |       |    11 |    69 |    45 ||   125
       Apportation       |       |       |       |       |     1 |     2 ||     3
       Haunt             |       |       |       |       |       |     3 ||     3
Invok: Slouch            |       |       |     2 |    14 |    18 |    13 ||    47
       Temporal Distorti |       |       |       |       |     1 |     5 ||     6
       Step From Time    |       |       |       |       |       |     1 ||     1
 Abil: Jump Attack       |     1 |       |    13 |    21 |    19 |    28 ||    82
       Evoke Flight      |       |       |       |     2 |       |     1 ||     3
       Stop Flying       |       |       |       |     1 |       |       ||     1
       End Transformatio |       |       |       |       |    24 |    16 ||    40
Evoke: Wand              |       |       |     8 |    41 |    20 |     9 ||    78
       Sack of spiders   |       |       |       |     1 |       |       ||     1
       Fan of gales      |       |       |       |       |     1 |     2 ||     3
  Use: Potion            |     4 |     2 |       |    12 |     5 |     7 ||    30
       Scroll            |       |     7 |     3 |    19 |    24 |     9 ||    62
 Stab: Sleeping          |     1 |    16 |    10 |    35 |    22 |     7 ||    91
       Distracted        |       |       |     1 |     5 |     4 |     3 ||    13
